 Dungeon Crawl Stone Soup version 0.21-a0-582-g1b93aee (webtiles) character file.

77 Amnesiac the Covered (level 4, -20/30 HPs)
             Began as a Halfling Fighter on Dec 19, 2017.
             Killed from afar by a rat (22 damage)
             ... with an exploding inner flame
             ... hexed by the player character
             ... on level 3 of the Dungeon.
             The game lasted 00:03:04 (1904 turns).

Amnesiac the Covered (Halfling Fighter)             Turns: 1904, Time: 00:03:05

Health: -20/30     AC:  5    Str: 16 (18) XL:     4   Next: 58%
Magic:  4/4        EV: 12    Int:  3 (6)  God:
Gold:   117        SH:  9    Dex: 12 (13) Spells: 3/3 levels left

rFire    . . .     SeeInvis .   a - +0 rapier
rCold    . . .     Gourm    .   c - +0 shield
rNeg     . . .     Faith    .   o - +0 ring mail
rPois    .         Spirit   .   (no helmet)
rElec    .         Reflect  .   (no cloak)
rCorr    .         Harm     .   (no gloves)
MR       .....                  (no boots)
Stlth    +.........             (no amulet)
HPRegen  0.10/turn              (no ring)
MPRegen  0.09/turn              (no ring)

@: no status effects
A: small, mutation resistance 1
a: no special abilities


You were on level 3 of the Dungeon.
You were not hungry.

You visited 1 branch of the dungeon, and saw 3 of its levels.

You collected 117 gold pieces.

Inventory:

Hand Weapons
 a - a +0 rapier (weapon)
 d - a -3 short sword
Missiles
 h - 45 stones (quivered)
 l - 6 tomahawks
 n - 47 sling bullets
Armour
 b - a +0 scale mail
 c - a +0 shield (worn)
 o - a +0 ring mail (worn)
Scrolls
 i - 2 scrolls of identify {!r}
 j - a scroll of immolation {!r}
Comestibles
 f - 5 rations
 g - a chunk of flesh


   Skills:
 + Level 2.8 Fighting
 - Level 3.0 Short Blades
 + Level 3.4 Armour
 + Level 3.4 Dodging
 + Level 3.4 Shields


You had 3 spell levels left.
You didn't know any spells.

Dungeon Overview and Level Annotations

Branches:
Dungeon (3/15)

Altars:
Trog

Annotations:
D:2 Natasha


Innate Abilities, Weirdness & Mutations

You are small and have problems with some larger weapons.
You are somewhat resistant to further mutation.


Message History

You feel as if something is helping you.
The orc shouts!
Wield which item (- for none, * to show all)? (? for menu, Esc to quit)
a - a +0 rapier (weapon)
You block the orc wizard's attack.
You aren't carrying any potions.
Unknown command.
Okay, then.
You aren't carrying any potions.
Unknown command.
The orc wizard barely misses you. The rat bites you but does no damage.
The orc wizard gestures wildly while chanting.
The orc wizard blinks!
The rat twitches its whiskers.
The rat bites you.
* * * LOW HITPOINT WARNING * * *
The orc wizard casts a spell.
The orc wizard blinks!
You block the rat's attack.
You hit the rat.
The rat is moderately wounded.
You block the orc's attack. The hobgoblin closely misses you.
You block the rat's attack.
You closely miss the hobgoblin. The hobgoblin misses you.
You block the orc's attack. The rat closely misses you.
You barely miss the hobgoblin.
The hobgoblin hits you but does no damage.
The orc hits you with a war axe.
* * * LOW HITPOINT WARNING * * *
The rat misses you.
The orc wizard casts a spell.
The orc wizard blinks!
The hobgoblin hits you but does no damage.
You hit the rat but do no damage.
The rat is moderately wounded.
The orc wizard gestures wildly while chanting.
The orc wizard blinks!
The orc wizard gestures wildly while chanting.
The orc wizard flickers and vanishes!
Deactivating autopickup; reactivate with Ctrl-A.
You block the orc's attack. The rat misses you.
You block the hobgoblin's attack.
You closely miss the rat.
The rat is moderately wounded.
The rat bites you but does no damage. The orc barely misses you.
You block the hobgoblin's attack. The rat bites you but does no damage.
You closely miss the rat.
The rat is moderately wounded.
The orc barely misses you. The hobgoblin closely misses you.
The rat barely misses you.
You hit the rat.
The rat is severely wounded.
You block the orc's attack.
The orc wizard mumbles some strange words.
The orc wizard blinks!
The rat barely misses you.
The hobgoblin hits you but does no damage.
You closely miss the rat.
The rat is severely wounded.
You block the orc's attack. The rat misses you.
The hobgoblin barely misses you.
You hit the rat.
The rat explodes!
The fiery explosion engulfs you!
Ouch! That really hurt!
You die...

#. .. .# .# .#
####.#
#§§§g########.
#§##g#........
#§#@§o..........(.
#§##o#...........
#r###########.o.##
## #o#### #.....#
.# #g...# ##ro...#
.# ####.# #......#
.# #.# #.#..(.# .#
#.# ###.#..(.#
.################.#
##.r......#


You could see 2 orcs and 2 hobgoblins.

Vanquished Creatures
  Natasha (D:2)
  An adder (D:2)
  An ooze (D:1)
  A worm (D:2)
  A leopard gecko (D:1)
  8 bats
  5 giant cockroaches
  2 goblins
  2 hobgoblins
  4 jackals (D:2)
  5 kobolds
  2 frilled lizards (D:2)
  A rat (D:3)
34 creatures vanquished.

Notes
Turn   | Place    | Note
-------+----------+-------------------------------------------
     0 | D:1      | Amnesiac the Halfling Fighter began the quest for the Orb.
     0 | D:1      | Reached XP level 1. HP: 15/15 MP: 1/1
   142 | D:1      | Reached skill level 1 in Dodging
   142 | D:1      | Reached XP level 2. HP: 16/20 MP: 2/2
   618 | D:1      | Reached XP level 3. HP: 25/25 MP: 3/3
  1150 | D:2      | Found a faded altar of an unknown god.
  1170 | D:2      | HP: 1/25 [adder (3)]
  1681 | D:2      | Reached XP level 4. HP: 30/30 MP: 4/4
  1702 | D:2      | Noticed Natasha
  1719 | D:2      | Killed Natasha
  1799 | D:2      | Noticed Natasha
  1842 | D:3      | Found a bloodstained altar of Trog.
  1904 | D:3      | Killed from afar by a rat

Vault maps used:
D:1:      minmay_arrival_checkered_box, roderic_serpentine_path,
          minmay_misc_feat_more_columns
D:2:      chequers_ecumenical_altar_simple_redux, nrook_mini_backslash,
          uniq_natasha
D:3:      nicolae_overflow_hidden_temple, first_ration, grunt_ministairs_14,
          trog_book, uniq_grinder, uniq_robin

Skill      XL: |  1  2  3 |
---------------+----------+-----
Dodging        | 1 2 3 |  3.4
Short Blades   | 3 |  3.0
Fighting       | |  2.8
Armour         | |  3.4
Shields        | |  3.4

Action                   |  1- 3 |  4- 6 || total
-------------------------+-------+-------++-------
Melee: Rapier            |   145 |    28 ||   173
Throw: Stone             |    77 |     8 ||    85
  Use: Potion            |     1 |     2 ||     3
       Scroll            |       |     5 ||     5
  Eat: Chunk             |     3 |       ||     3
Armor: Scale mail        |    20 |       ||    20
       Ring mail         |    25 |     6 ||    31
Dodge: Dodged            |    75 |    22 ||    97
Block: Shield            |    82 |    23 ||   105

Table legend:
 A = Spawn XP
 B = Non-spawn XP
 C = Spawn XP percentage of total XP
 D = Spawn monster count
 E = Non-spawn monster count
 F = Spawn count percentage of total count
 G = Total turns spent on level
                    A         B        C        D         E        F      G
               +---------+---------+-------+---------+---------+-------+---------
         Total |       0 |     110 |   0.0 |       0 |      34 |   0.0 |  1904
               +---------+---------+-------+---------+---------+-------+---------
           D:1 |       0 |      30 |   0.0 |       0 |      13 |   0.0 |   849
           D:2 |       0 |      79 |   0.0 |       0 |      20 |   0.0 |   971
           D:3 |       0 |       1 |   0.0 |       0 |       1 |   0.0 |    84
               +---------+---------+-------+---------+---------+-------+---------
